 Dungeon Crawl Stone Soup version 0.25-a0-860-gf695395b5c (webtiles) character file.

Game seed: 15383258488128526496, levelgen mode: deterministic

12601 sanka the Frost Mage (level 11, -28/93 HPs)
             Began as a Barachi Ice Elementalist on Apr 27, 2020.
             Was an Elder of Vehumet.
             Annihilated by a phantasmal warrior (29 damage)
             ... led by a death knight
             ... on level 11 of the Dungeon.
             The game lasted 00:30:18 (10273 turns).

sanka the Frost Mage (Barachi Ice Elementalist)    Turns: 10273, Time: 00:30:20

Health: -28/93     AC:  7    Str: 11    XL:     11   Next: 95%
Magic:  1/21       EV: 17    Int: 18    God:    Vehumet [****..]
Gold:   603        SH:  0    Dex: 12    Spells: 9/24 levels left

rFire    . . .     SeeInvis .   b - +5 scythe "Finisher" {speed, eviscerate}
rCold    . . .     Gourm    .   (shield currently unavailable)
rNeg     . . .     Faith    .   L - +2 leather armour {MR+}
rPois    +         Spirit   .   (no helmet)
rElec    .         Reflect  .   m - +0 cloak
rCorr    .         Harm     .   v - +0 pair of gloves
MR       +....                  (no boots)
Stlth    ++........             (no amulet)
HPRegen  0.25/turn              A - ring of poison resistance
MPRegen  0.17/turn              (no ring)

@: marked, frozen ramparts, slow
A: +LOS, swims, slowness 1, strong legs 1
a: Hop, Renounce Religion


You were on level 11 of the Dungeon.
You worshipped Vehumet.
Vehumet was greatly pleased with you.
You were not hungry.

You visited 2 branches of the dungeon, and saw 12 of its levels.
You also visited: Sewer.

You collected 652 gold pieces.
You spent 49 gold pieces at shops.


Innate Abilities, Weirdness & Mutations

You can be seen from farther away. (+LOS)
You can swim through water.
You cover ground slowly.
You can hop short distances.


   Skills:
 + Level 11.3 Fighting
 + Level 11.0 Dodging
 - Level 1.7 Stealth
 - Level 7.0 Spellcasting
 - Level 5.0 Conjurations
 - Level 5.0 Summonings
 + Level 11.4 Ice Magic


You had 9 spell levels left.
You knew the following spells:

 Your Spells              Type           Power        Failure   Level  Hunger
a - Ozocubu's Armour      Chrm/Ice       ####....     4%          3    ##.....
u - Hailstorm             Conj/Ice       #####...     1%          4    ####...
x - Summon Ice Beast      Ice/Summ       #####...     4%          4    ####...
y - Frozen Ramparts       Ice            #####.       1%          3    ##.....
z - Freeze                Ice            ####         1%          1    None

Your spell library contained the following spells:

 Spells                   Type           Power        Failure   Level  Hunger
 Olgreb's Toxic Radiance  Pois           #.......     32%         4    ####...
 Shock                    Conj/Air       ###.         1%          1    None
 Summon Small Mammal      Summ           ###.         1%          1    None
 Ensorcelled Hibernation  Hex/Ice        ####..       1%          2    None
 Dazzling Flash           Conj/Hex       ###...       4%          3    ##.....
 Animate Skeleton         Necr           N/A          14%         1    None
 Apportation              Tloc           #.....       14%         1    None
 Corona                   Hex            #......      14%         1    None
 Confusing Touch          Hex            #.......     38%         3    ##.....
 Tukima's Dance           Hex            #.......     38%         3    ##.....

Inventory:

Hand Weapons
 a - a +0 hunting sling
 b - the +5 scythe "Finisher" (weapon) {speed, eviscerate} Attacks with this weapon are significantly faster.
 G - a +1 whip of electrocution
Missiles
 e - 242 stones (quivered)
Armour
 m - a +0 cloak (worn)
 p - a +0 troll leather armour {Purgy}
 v - a +0 pair of gloves (worn)
 B - a +1 leather armour of poison resistance
 L - a +2 leather armour of magic resistance (worn)
 N - a +1 hat
Jewellery
 A - a ring of poison resistance (left hand)
Wands
 t - a wand of flame (16)
 w - a wand of random effects (39)
 C - a wand of paralysis (10)
 H - a wand of iceblast (8)
Scrolls
 d - 7 scrolls of teleportation {@r4}
 g - 6 scrolls of identify {unknown}
 j - 3 scrolls of remove curse
 l - 3 scrolls of fear {unknown}
 o - 2 scrolls of magic mapping {unknown}
 u - 2 scrolls of noise {unknown}
 x - 2 scrolls of fog {unknown}
 y - a scroll of random uselessness {unknown}
 z - 2 scrolls of enchant armour {unknown}
 F - 2 scrolls of amnesia {unknown}
 K - a scroll of blinking {unknown}
Potions
 f - a potion of stabbing {unknown}
 h - a potion of might {unknown}
 i - 8 potions of curing {@q1}
 k - 3 potions of heal wounds {unknown}
 n - 7 potions of flight {unknown}
 q - 2 potions of brilliance {unknown}
 s - a potion of cancellation {unknown}
 D - 2 potions of ambrosia {unknown}
 E - 3 potions of degeneration {unknown}
 I - a potion of resistance {unknown}
 J - a potion of berserk rage {unknown}
 M - a potion of magic {unknown}
Miscellaneous
 r - a box of beasts
Comestibles
 c - 24 rations

Dungeon Overview and Level Annotations

Branches:
Dungeon (11/15)            Temple (1/1) D:6            Lair (0/6) D:8
    Orc (0/2) D:9           Sewer (visited)

Altars:
Elyvilon
Fedhas
Kikubaaqudgha
Makhleb
Nemelex Xobeh
Sif Muna
Trog
Vehumet
Zin
The Shining One

Shops:
D:5 [   D:6 %

Annotations:
D:6 2 transporters

▒............▒ ...........G.▒
............▒ ▒.. ...........▒
▒.. ...........▒▒ ▒▒..
........WZ..▒▒▒▒ ▒▒▒▒...
▒......▒▒)O....▒▒▒▒......
▒▒▒▒▒▒▒▒pYZ.............▒
▒▒▒▒▒▒▒▒▒..FW..............▒
▒▒...........W..............▒
▒▒.....▒▒▒▒...................
▒...▒▒▒▒ ▒▒▒.................
▒..▒▒ ▒..........▒▒▒▒▒▒. ▒..▒
▒▒..▒▒...▒▒▒▒ ▒▒ ▒▒.▒▒
▒▒..▒▒▒▒..▒ ▒ ▒▒..▒ ▒▒.▒▒▒
▒.▒▒ ▒▒..▒▒ ▒.▒▒ ▒▒▒


You could see a death knight, a two-headed ogre, a phantasmal warrior, a
freezing wraith, an eye of draining, a centaur zombie, a bullfrog skeleton and a
friendly ice beast.


Message History

Your ice beast hits the death knight.
Your ice beast freezes the death knight!
Your ice beast barely misses the death knight.
The two-headed ogre hits your ice beast with a +0 giant club!
The eye of draining gazes at you.
You feel your power leaking away.
Unknown command.
You barely miss the phantasmal warrior.
Your ice beast barely misses the death knight.
The freezing wraith hits your ice beast but does no damage.
The freezing wraith hits your ice beast but does no damage.
The wall freezes the death knight!
The death knight hits your ice beast with a +0 great mace!
Your ice beast dies!
The wraith resists.
The wall freezes the wraith.
Your ice beast hits the death knight but does no damage.
The phantasmal warrior hits you!!
* * * LOW HITPOINT WARNING * * *
The two-headed ogre hits your ice beast with a +0 giant club!
The two-headed ogre hits your ice beast with a cursed +0 giant club!
Unknown command.
You closely miss the phantasmal warrior.
The bullfrog skeleton resists.
The wall freezes the bullfrog skeleton.
The wall freezes the death knight!
Your ice beast hits the two-headed ogre.
Your ice beast freezes the two-headed ogre!
The phantasmal warrior hits you!!
You die...

Action                   |  1- 3 |  4- 6 |  7- 9 | 10-12 || total
-------------------------+-------+-------+-------+-------++-------
Melee: Whip              |       |       |    60 |    20 ||    80
       Scythe            |       |       |       |   210 ||   210
 Fire: Hunting sling     |    51 |    69 |   160 |     5 ||   285
 Cast: Freeze            |    32 |    49 |    75 |    91 ||   247
       Frozen Ramparts   |       |     3 |    18 |    28 ||    49
       Ozocubu's Armour  |       |       |     6 |    32 ||    38
       Hailstorm         |       |       |     1 |       ||     1
       Summon Ice Beast  |       |       |     3 |    17 ||    20
 Abil: Hop               |       |       |       |     3 ||     3
Evoke: Wand              |       |       |       |     1 ||     1
  Use: Scroll            |       |       |       |     3 ||     3
 Stab: Sleeping          |       |       |       |     1 ||     1
  Eat: Chunk             |     2 |     4 |    13 |    15 ||    34
       Ration            |       |       |     1 |     1 ||     2
Armor: Robe              |     7 |     5 |       |       ||    12
       Troll leather arm |       |     1 |    43 |    96 ||   140
       Leather armour    |       |       |       |    73 ||    73
Dodge: Dodged            |    17 |    29 |    81 |   505 ||   632

Levels and vault maps discovered:
D:1:      scummos_arrival_hexagon, layout_loops_ring, minmay_tromino_i2
D:2:      layout_loops_cross, fedhas_altar_4, serial_forest,
          infiniplex_forest_clump_double, infiniplex_forest_fountain,
          infiniplex_forest_clump_double, infiniplex_forest_end_1,
          infiniplex_forest_lined_1
D:3:      layout_basic, good_gods_mini_temple,
          chequers_temple_overflow_statue_of_worship, gup_sewer_entry_bowl,
          first_ration, uniq_sigmund, uniq_ijyb, uniq_terence
D:4:      layout_rooms, chequers_serial_rivers_micro_b, uniq_duvessa
D:5:      layout_loops_ring, serial_shops,
          nicolae_shop_competitors_out_of_business,
          chequers_serial_rivers_micro_c, makhleb_blood_cavern_becter
D:6:      gammafunk_wand_slinger, layout_cave_pools, temple_fountains,
          serial_shops, nicolae_shop_crystal, st_stairs_12, led_sif_book,
          uniq_eustachio
D:7:      layout_layer_cave
D:8:      layout_layer_cave, dpeg_lair_monsters, blue_anna_alchemist
          [blue_anna_fruit_fields, blue_anna_fruit_fields],
          hangedman_decor_riveting, minmay_guarded_unrand_finisher
D:9:      layout_roguey, hiddenorc1_lemuel
D:10:     layout_small_grid, minmay_puff
D:11:     layout_layer_cave
Temple:   nicolae_temple_elliptical

Notes
Turn   | Place    | Note
-------+----------+-------------------------------------------
     0 | D:1      | sanka the Barachi Ice Elementalist began the quest for the
                  | Orb.
     0 | D:1      | Reached XP level 1. HP: 13/13 MP: 3/3
   399 | D:1      | Reached XP level 2. HP: 19/19 MP: 0/5
   450 | D:1      | Reached skill level 3 in Spellcasting
   905 | D:1      | Reached XP level 3. HP: 24/24 MP: 6/8
   913 | D:1      | Learned a level 3 spell: Frozen Ramparts
   917 | D:1      | Learned a level 3 spell: Ozocubu's Armour
  1189 | D:2      | Reached skill level 5 in Ice Magic
  1373 | D:2      | Reached skill level 4 in Spellcasting
  1373 | D:2      | Reached XP level 4. HP: 30/30 MP: 7/10
  1379 | D:2      | Learned a level 4 spell: Summon Ice Beast
  1570 | D:2      | Reached skill level 1 in Summonings
  1846 | D:2      | Found a blossoming altar of Fedhas.
  1971 | D:3      | Found a bloodstained altar of Trog.
  1971 | D:3      | Found a burning altar of Makhleb.
  1980 | D:3      | Reached skill level 2 in Summonings
  1980 | D:3      | Reached XP level 5. HP: 35/35 MP: 6/11
  2157 | D:3      | Reached skill level 6 in Ice Magic
  2173 | D:3      | Found a glowing drain.
  2179 | Sewer    | Entered a sewer
  2342 | Sewer    | Noticed Purgy
  2357 | Sewer    | Killed Purgy
  2357 | Sewer    | Reached skill level 3 in Summonings
  2357 | Sewer    | Reached XP level 6. HP: 31/41 MP: 5/12
  2780 | D:3      | Found a white marble altar of Elyvilon.
  2780 | D:3      | Found a glowing golden altar of the Shining One.
  2780 | D:3      | Found a glowing silver altar of Zin.
  2804 | D:3      | Noticed Terence
  2812 | D:3      | Killed Terence
  2845 | D:3      | Noticed Sigmund
  2855 | D:3      | Reached skill level 4 in Summonings
  2857 | D:3      | Killed Sigmund
  2857 | D:3      | Reached skill level 7 in Ice Magic
  2857 | D:3      | Reached XP level 7. HP: 40/46 MP: 5/13
  2921 | D:3      | Noticed Ijyb
  2933 | D:3      | Killed Ijyb
  2933 | D:3      | Reached skill level 5 in Summonings
  3498 | D:4      | Noticed Duvessa
  3498 | D:4      | Noticed Dowan
  3511 | D:4      | Killed Dowan
  3511 | D:4      | Reached skill level 8 in Ice Magic
  3512 | D:4      | Killed Duvessa
  3512 | D:4      | Reached skill level 5 in Spellcasting
  3722 | D:5      | Entered Level 5 of the Dungeon
  3853 | D:5      | Reached XP level 8. HP: 51/52 MP: 7/15
  3915 | D:5      | Reached skill level 9 in Ice Magic
  3995 | D:5      | Found Kuycke's Armour Shoppe.
  4144 | D:5      | Found a burning altar of Makhleb.
  4551 | D:5      | Bought a +0 pair of gloves for 49 gold pieces
  4593 | D:6      | Reached skill level 6 in Spellcasting
  4604 | D:6      | Learned a level 4 spell: Hailstorm
  4617 | D:6      | Found a staircase to the Ecumenical Temple.
  4618 | D:6      | Noticed Eustachio
  4625 | Temple   | Entered the Ecumenical Temple
  4643 | Temple   | Became a worshipper of Vehumet
  4658 | D:6      | Killed Eustachio
  4664 | D:6      | Reached skill level 1 in Fighting
  4677 | D:6      | Reached skill level 1 in Conjurations
  4760 | D:6      | Found a transporter.
  4863 | D:6      | Noticed a fire crab
  4875 | D:6      | Noticed a kobold demonologist
  4878 | D:6      | Found Xaocem's Food Emporium.
  4898 | D:6      | Reached skill level 3 in Dodging
  4963 | D:6      | Found a transporter.
  5021 | D:6      | Found a shimmering blue altar of Sif Muna.
  5033 | D:6      | Reached skill level 2 in Fighting
  5036 | D:6      | Reached skill level 10 in Ice Magic
  5036 | D:6      | Reached XP level 9. HP: 61/61 MP: 5/18
  5037 | D:6      | Identified Sif Muna's Grimoire of Flight
  5290 | D:7      | Reached skill level 2 in Conjurations
  5499 | D:7      | Reached skill level 3 in Fighting
  5576 | D:7      | Reached * piety under Vehumet
  5576 | D:7      | Offered knowledge of Foxfire by Vehumet.
  5893 | D:7      | Reached skill level 3 in Conjurations
  5957 | D:7      | Reached skill level 4 in Dodging
  6003 | D:7      | Reached skill level 7 in Spellcasting
  6418 | D:8      | Noticed a death yak
  6439 | D:8      | Reached skill level 4 in Fighting
  6440 | D:8      | Noticed a death yak
  6445 | D:8      | Noticed a death yak
  6446 | D:8      | Noticed a death yak
  6447 | D:8      | Noticed a death yak
  6448 | D:8      | Noticed a death yak
  6450 | D:8      | Killed a death yak
  6450 | D:8      | Reached skill level 5 in Fighting
  6450 | D:8      | Reached skill level 5 in Dodging
  6450 | D:8      | Reached skill level 4 in Conjurations
  6455 | D:8      | Killed a death yak
  6455 | D:8      | Reached skill level 6 in Fighting
  6455 | D:8      | Reached skill level 6 in Dodging
  6455 | D:8      | Reached skill level 5 in Conjurations
  6455 | D:8      | Reached XP level 10. HP: 67/76 MP: 3/20
  6609 | D:8      | Killed a death yak
  6609 | D:8      | Reached skill level 7 in Dodging
  7001 | D:8      | Reached skill level 7 in Fighting
  7136 | D:8      | Found the +5 scythe "Finisher" {speed, eviscerate}
  7302 | D:8      | Killed a death yak
  7302 | D:8      | Reached skill level 8 in Fighting
  7302 | D:8      | Reached skill level 8 in Dodging
  7309 | D:8      | Killed a death yak
  7323 | D:8      | Killed a death yak
  7323 | D:8      | Reached skill level 9 in Fighting
  7323 | D:8      | Reached skill level 9 in Dodging
  7329 | D:8      | Reached XP level 11. HP: 30/89 MP: 2/21
  7439 | D:8      | Found a staircase to the Lair.
  7772 | D:8      | Reached ** piety under Vehumet
  7848 | D:8      | Offered knowledge of Sandblast by Vehumet.
  8099 | D:9      | Noticed a two-headed ogre
  8108 | D:9      | Killed a two-headed ogre
  8108 | D:9      | Reached skill level 10 in Fighting
  8122 | D:9      | Reached skill level 10 in Dodging
  8136 | D:9      | Offered knowledge of Ignite Poison by Vehumet.
  8301 | D:9      | Found a staircase to the Orcish Mines.
  8612 | D:9      | Reached *** piety under Vehumet
  8914 | D:10     | Entered Level 10 of the Dungeon
  9141 | D:10     | Offered knowledge of Olgreb's Toxic Radiance by Vehumet.
  9171 | D:10     | HP: 9/92 [poisoned by a killer bee]
  9758 | D:10     | Reached skill level 11 in Ice Magic
  9994 | D:11     | Reached skill level 11 in Fighting
  9998 | D:11     | Reached **** piety under Vehumet
 10253 | D:11     | Noticed a two-headed ogre
 10254 | D:11     | Noticed a death knight
 10257 | D:11     | Noticed a two-headed ogre
 10261 | D:11     | Noticed a phantasmal warrior
 10263 | D:11     | Killed a two-headed ogre
 10263 | D:11     | Reached skill level 11 in Dodging
 10272 | D:11     | HP: 1/93 [phantasmal warrior[a death knight] (25)]
 10273 | D:11     | Annihilated by a phantasmal warrior

Vanquished Creatures
  2 two-headed ogres
  5 death yaks (D:8)
  A centaur zombie (D:10)
  A centaur skeleton (D:8)
  3 trolls
  A hippogriff (D:8)
  Sigmund (D:3)
  3 wraiths (D:8)
  A wyvern (D:11)
  4 yaks (D:11)
  A hungry ghost (D:8)
  A steam dragon (D:5)
  Eustachio (D:6)
  Duvessa (D:4)
  A water moccasin (D:10)
  3 orc warriors
  Purgy (Sewer)
  An ice beast (D:10)
  3 phantoms
  2 sky beasts
  A black bear (D:6)
  2 centaurs
  4 ogres
  2 big kobolds
  5 bullfrogs
  A wyvern zombie (D:10)
  Dowan (D:4)
  4 scorpions
  16 killer bees
  4 howler monkeys (D:9)
  2 crimson imps
  7 orc priests
  3 hounds
  3 jellies
  A bullfrog skeleton (D:7)
  5 iguanas
  Ijyb (D:3)
  Terence (D:3)
  9 orc wizards
  7 worker ants
  3 hound skeletons
  4 worker ant zombies
  A gnoll (D:1)
  17 adders
  2 river rats (D:3)
  An ooze (D:3)
  An adder skeleton (D:8)
  4 worms
  A dart slug (D:2)
  2 leopard geckos
  50 orcs
  2 ball pythons
  5 giant cockroaches
  8 goblins
  9 hobgoblins
  9 jackals
  5 quokkas
  13 bats
  4 frilled lizards (Sewer)
  8 kobolds
  7 rats
272 creatures vanquished.

Vanquished Creatures (collateral kills)
  A death yak (D:8)
  A wraith (D:8)
  2 yaks (D:11)
  A black bear (D:8)
  A killer bee (D:9)
  A hound zombie (D:9)
7 creatures vanquished.

Grand Total: 279 creatures vanquished
